 Dungeon Crawl Stone Soup version 0.25.0-37-gb73750e0fb (console) character file.

Game seed: 4959136956513206592

28 Colgate the Conjurer (level 3, 0/24 HPs)
             Began as a Mummy Conjurer on July 8, 2020.
             Slain by a hound (4 damage)
             ... on level 2 of the Dungeon.
             The game lasted 00:14:43 (1139 turns).

Colgate the Conjurer (Mummy Conjurer)               Turns: 1139, Time: 00:14:44

Health: 0/24       AC:  5    Str: 11    XL:     3   Next: 0%
Magic:  1/7        EV: 10    Int: 15    God:
Gold:   14         SH:  0    Dex: 12    Spells: 4/7 levels left

rFire    x . .     SeeInvis .   f - +0 short sword
rCold    + . .     Gourm    .   (no shield)
rNeg     + + +     Faith    .   d - +0 ring mail
rPois    ∞         Spirit   .   (no helmet)
rElec    .         Reflect  .   (no cloak)
rCorr    .         Harm     .   (no gloves)
MR       .....                  (no boots)
Stlth    +.........             (no amulet)
HPRegen  0.08/turn              (no ring)
MPRegen  0.10/turn              (no ring)

@: no status effects
A: no food or potions, fire vulnerability, cold resistance 1, negative energy
resistance 3, torment resistance, unbreathing
a: no special abilities


You were on level 2 of the Dungeon.
You were not hungry.

You visited 1 branch of the dungeon, and saw 3 of its levels.

You collected 14 gold pieces.

Inventory:

Hand Weapons
 c - a +0 club
 f - a +0 short sword (weapon)
Missiles
 b - 33 stones (quivered)
 g - 14 arrows
Armour
 a - a +0 robe
 d - a +0 ring mail (worn)
Scrolls
 e - 2 scrolls of remove curse {unknown}
 h - a scroll of identify {unknown}


   Skills:
 - Level 1.5 Dodging
 - Level 1.5 Stealth
 - Level 2.6 Spellcasting
 + Level 4.1 Conjurations


You had 4 spell levels left.
You knew the following spells:

 Your Spells              Type           Power        Failure   Level  Hunger
a - Magic Dart            Conj           ##..         10%         1    N/A
b - Searing Ray           Conj           ##....       14%         2    N/A

Your spell library contained the following spells:

 Spells                   Type           Power        Failure   Level  Hunger
 Corona                   Hex            #......      45%         1    N/A
 Dazzling Flash           Conj/Hex       #.....       54%         3    N/A
 Ensorcelled Hibernation  Hex/Ice        #.....       58%         2    N/A
 Confusing Touch          Hex            #.......     83%         3    N/A
 Tukima's Dance           Hex            #.......     83%         3    N/A
 Fulminant Prism          Conj/Hex       #.........   91%         4    N/A
 Iskenderun's Mystic Bla  Conj/Tloc      #.......     91%         4    N/A

Dungeon Overview and Level Annotations

Branches:
Dungeon (3/15)

Altars:


Innate Abilities, Weirdness & Mutations

You do not eat or drink.
Your flesh is vulnerable to fire.
You are immune to poison.
Your flesh is cold resistant. (rC+)
You are immune to negative energy. (rN+++)
You are immune to unholy pain and torment.
You can survive without breathing.


Message History

The quokka bites you but does no damage.
The hound bites you but does no damage.
You closely miss the hound.
The hound is almost dead.
The hound closely misses you. The quokka completely misses you.
The hound barely misses you.
You closely miss the hound.
The hound is almost dead.
The quokka bites you. The hound bites you.
* * * LOW HITPOINT WARNING * * *
The quokka misses you.
You hit the hound but do no damage.
The hound is almost dead.
The hound barely misses you. The hound bites you but does no damage.
The quokka misses you.
You barely miss the hound.
The hound is almost dead.
The hound bites you.
* * * LOW HITPOINT WARNING * * *
The quokka bites you but does no damage.
The hound bites you.
You die...

###. ##### ... ....#
.... #.. .. .# ....
#.##.##.# .....
#..#.#..# ..... #...#
..# ...... ##..###..#
......#######....#...#
#..............#.#..#
#....r@.......##.##.#
#.....h?....#.......#
###.#.##....####†.###
# #.......# #†##
#.##....# #..# #.
#....# ##.# .# #.
#....# #.## .# #.
#....# #..##.# ##.###
##.##.# #..#.# ##.#.#


You could see a hound and a quokka.

Vanquished Creatures
  A dart slug (D:1)
  3 goblins
  3 hobgoblins (D:1)
  3 jackals (D:1)
  3 kobolds
  A ball python (D:2)
  6 bats
  A frilled lizard (D:2)
  4 rats
25 creatures vanquished.

Notes
Turn   | Place    | Note
-------+----------+-------------------------------------------
     0 | D:1      | Colgate the Mummy Conjurer began the quest for the Orb.
     0 | D:1      | Reached XP level 1. HP: 13/13 MP: 4/4
   221 | D:1      | Reached XP level 2. HP: 14/19 MP: 0/5
   225 | D:1      | Learned a level 2 spell: Searing Ray
   718 | D:1      | Reached skill level 4 in Conjurations
   899 | D:1      | You fall into a shaft and drop 1 floor!
  1000 | D:2      | Reached XP level 3. HP: 24/24 MP: 1/7
  1139 | D:2      | Slain by a hound

Illustrated notes

Levels and vault maps discovered:
D:1:      enne_arrival_octagon_isle, layout_loops_corners
D:2:      layout_basic, marbit_many_paths, minmay_tall_x
D:3:      minmay_evil_eye, layout_basic, gammafunk_temple_overflow_wave,
          first_ration, uniq_jessica

Skill      XL: |  1  2 |
---------------+-------+-----
Conjurations   | 4 |  4.1
Dodging        | |  1.5
Stealth        | |  1.5
Spellcasting   | |  2.6

Action                   || total
-------------------------++-------
Melee: Club              ||    11
       Unarmed           ||     5
       Short sword       ||    16
Throw: Stone             ||    32
 Cast: Magic Dart        ||    21
       Searing Ray       ||    14
 Stab: Sleeping          ||     1
Armor: Robe              ||     8
       Ring mail         ||    16
Dodge: Dodged            ||    44
